 Dungeon Crawl Stone Soup version 0.29-a0-338-g1ff7896281 (webtiles) character file.

Game seed: 3579874878644589862

12284 quokkamancerX the Bludgeoner (level 11, -9/104 HPs)
             Began as a Minotaur Berserker on Apr 17, 2022.
             Was a High Priest of Trog.
             Killed from afar by a quicksilver dragon (shapeshifter) (28 damage)
             ... with a bolt of dispelling energy
             ... on level 9 of the Dungeon.
             The game lasted 01:04:28 (15105 turns).

quokkamancerX the Bludgeoner (Minotaur Berserker)  Turns: 15105, Time: 01:04:31

Health: -9/104     AC: 21    Str: 29    XL:     11   Next: 60%
Magic:  10/10      EV:  7    Int:  4    God:    Trog [*****.]
Gold:   801        SH:  9    Dex: 13    Spells: 10/10 levels left

rFire   . . .      SeeInvis .   v - +4 flail (flame)
rCold   . . .      Faith    +   l - +0 kite shield
rNeg    . . .      Spirit   .   F - +0 plate armour
rPois   .          Reflect  .   u - +2 hat
rElec   .          Harm     .   y - +0 cloak
rCorr   .          Rampage  .   z - +2 pair of gloves
Will    .....                   (no boots)
Stlth   ..........              i - amulet of faith
HPRegen 0.27/turn               s - +6 ring of strength
MPRegen 0.12/turn               (no ring)

@: on berserk cooldown, slowed, very slow
A: horns 2, retaliatory headbutt
a: Renounce Religion, Berserk, Trog's Hand, Brothers in Arms


You were on level 9 of the Dungeon.
You worshipped Trog.
Trog was extremely pleased with you.
You visited 1 branch of the dungeon, and saw 10 of its levels.
You also visited: Sewer.

You collected 801 gold pieces.

Inventory:

Hand Weapons
 v - a +4 flail of flaming (weapon)
Missiles
 q - 35 poisoned darts (quivered)
Armour
 l - a +0 kite shield (worn)
 u - a +2 hat (worn)
 y - a +0 cloak (worn)
 z - a +2 pair of gloves (worn)
 F - a +0 plate armour (worn)
Jewellery
 a - a ring of ice
 i - an amulet of faith (around neck)
 r - an amulet of regeneration
 s - a +6 ring of strength (left hand)
 H - an amulet of the acrobat
Wands
 B - a wand of flame (20)
 D - a wand of charming (9)
 I - a wand of mindburst (1)
Scrolls
 e - a scroll of silence
 g - a scroll of magic mapping {unknown}
 m - 6 scrolls of teleportation
 p - 4 scrolls of fear
 A - a scroll of blinking
 E - a scroll of enchant weapon
 G - 2 scrolls of identify
Potions
 b - 3 potions of lignification
 c - 5 potions of flight
 f - a potion of berserk rage
 h - a potion of brilliance {unknown}
 j - 3 potions of cancellation
 k - 4 potions of heal wounds
 n - a potion of mutation
 o - a potion of magic {unknown}
 t - 3 potions of attraction
 w - 2 potions of curing
 x - 2 potions of invisibility
 C - a potion of haste


   Skills:
 - Level 12.0 Fighting
 - Level 16.0 Maces & Flails
 - Level 10.0 Armour
 - Level 2.1 Dodging
 + Level 4.7 Shields


You had 10 spell levels left.
You didn't know any spells.
Your spell library was empty.

Dungeon Overview and Level Annotations

Branches:
Dungeon (10/15)            Temple (0/1) D:7           Sewer (visited)
   Lair: D:8-11         Orc: D:9-12

Altars:
Kikubaaqudgha

Shops:
D:3 (


Innate Abilities, Weirdness & Mutations

You have a pair of horns on your head.
You reflexively headbutt those who attack you in melee.


Message History

You hit the quicksilver dragon. You burn the quicksilver dragon.
The quicksilver dragon is heavily wounded.
You block the quicksilver dragon's attack.
The quicksilver dragon claws you but does no damage.
You hit the quicksilver dragon. You burn the quicksilver dragon.
Your headbutt misses the quicksilver dragon.
The quicksilver dragon is severely wounded.
The quicksilver dragon breathes dispelling energy at you.
The bolt of dispelling energy hits you!
* * * LOW HITPOINT WARNING * * *
You barely miss the quicksilver dragon.
You headbutt the quicksilver dragon, but do no damage.
The quicksilver dragon is severely wounded.
A deep elf pyromancer comes into view. It is wielding a +0 scythe.
You are too berserk!
The quicksilver dragon attacks as you move away!
The quicksilver dragon barely misses you.
You furiously retaliate!
You headbutt the quicksilver dragon!
The quicksilver dragon barely misses you.
The deep elf pyromancer reads a scroll.
Wisps of shadow swirl around the deep elf pyromancer.
There is an open door here.
You barely miss the quicksilver dragon. You headbutt the quicksilver dragon.
The quicksilver dragon is almost dead.
The quicksilver dragon barely misses you.
The quicksilver dragon claws you!
* * * LOW HITPOINT WARNING * * *
You hit the quicksilver dragon but do no damage.
You headbutt the quicksilver dragon!
The quicksilver dragon is almost dead.
The quicksilver dragon bites you but does no damage.
The quicksilver dragon claws you.
* * * LOW HITPOINT WARNING * * *
You are no longer berserk.
You are exhausted.
You feel yourself slow down.
The quicksilver dragon breathes dispelling energy at you.
The bolt of dispelling energy hits you!!
Your magical effects are unravelling.
You die...

###...##########.##########..>...
.................................
)....############################
####.#...#.#...#.......###.......
####.#.#.#.#.#.#.#)......#.###.##
.....#...#...#.#.#)#....)#.# #.#
.....#...#...#.#.#)###).(#.###)##
####.#.#.#.#.#D'.#.#.#.##'.......
#.#.#...#.hD#@#.#.###.#.###.##
#.#.#...#h..#.###.....#.# #.#
####.#.#.#Y#.#.#.#.......#.###.##
.....#...#.#...#.......###.......
.....#####Y############# #####'##
.##..#....Cu.C.# ####....
.###.#.#.#.#.#.# #....###
.....#..#.#.#.. #.##.#.# .....#.#
. . #.# #.#.....


You could see a quicksilver dragon (catching breath).

Vanquished Creatures
  A centaur warrior (D:9)
  2 two-headed ogres
  A cyclops (D:9)
  An ugly thing (D:9)
  A freezing wraith (D:9)
  4 hornets
  A troll (D:9)
  Prince Ribbit (D:7)
  Sigmund (D:6)
  A vampire (D:9)
  12 yaks (D:9)
  A wraith (D:6)
  A wyvern (D:8)
  Menkaure (D:7)
  5 water moccasins
  Duvessa (D:7)
  4 orc warriors
  3 black bears
  An ice beast (D:5)
  2 sky beasts
  3 ogres
  4 centaurs (D:9)
  A phantom (D:5)
  3 gnoll sergeants
  4 kobold brigands
  5 bullfrogs
  3 scorpions
  3 necrophages
  14 wights
  Dowan (D:7)
  10 killer bees
  3 howler monkeys
  A hound (D:4)
  3 jellies
  6 orc priests
  A gnoll shaman (D:7)
  Crazy Yiuf (D:3)
  2 iguanas
  13 orc wizards
  25 gnolls
  11 adders
  3 shadow imps
  A white imp (D:6)
  An ufetubus (D:4)
  5 worms
  A dart slug (D:3)
  27 orcs
  5 endoplasms
  5 giant cockroaches
  11 goblins
  7 hobgoblins
  14 jackals
  4 quokkas
  11 ball pythons
  15 bats
  4 frilled lizards
  30 kobolds
  3 rats
309 creatures vanquished.

Vanquished Creatures (others)
  A human (D:7)
  2 plants (D:5)
3 creatures vanquished.

Grand Total: 312 creatures vanquished

Notes
Turn   | Place    | Note
-------+----------+-------------------------------------------
     0 | D:1      | quokkamancerX the Minotaur Berserker began the quest for
                  | the Orb.
     0 | D:1      | Reached XP level 1. HP: 19/19 MP: 0/0
   247 | D:1      | Reached skill level 4 in Maces & Flails
   375 | D:1      | Reached XP level 2. HP: 25/26 MP: 1/1
   708 | D:1      | Reached ** piety under Trog
   779 | D:1      | Reached skill level 5 in Maces & Flails
   841 | D:1      | Reached XP level 3. HP: 31/31 MP: 2/2
  1846 | D:2      | Reached skill level 6 in Maces & Flails
  1846 | D:2      | Reached XP level 4. HP: 39/39 MP: 3/3
  2252 | D:3      | Reached *** piety under Trog
  2320 | D:3      | Identified the +1 robe "Jadgh" {Str+3 Int-5}
  2742 | D:3      | Found Tyugaul's Weapon Boutique.
  2838 | D:3      | Reached skill level 7 in Maces & Flails
  2838 | D:3      | Reached XP level 5. HP: 45/45 MP: 4/4
  3211 | D:3      | Found a runed translucent door.
  3212 | D:3      | Noticed Crazy Yiuf
  3220 | D:3      | Killed Crazy Yiuf
  3695 | D:4      | Noticed a black bear
  3700 | D:4      | Killed a black bear
  3701 | D:4      | Reached skill level 8 in Maces & Flails
  3701 | D:4      | Reached XP level 6. HP: 51/51 MP: 5/5
  4170 | D:4      | Reached skill level 9 in Maces & Flails
  4172 | D:4      | Reached XP level 7. HP: 57/57 MP: 6/6
  4174 | D:4      | Reached skill level 10 in Maces & Flails
  4598 | D:4      | Reached skill level 11 in Maces & Flails
  5376 | D:5      | Entered Level 5 of the Dungeon
  5721 | D:5      | Reached XP level 8. HP: 64/64 MP: 7/7
  5755 | D:5      | Found a glowing drain.
  5784 | Sewer    | Entered a sewer
  5847 | Sewer    | Reached skill level 12 in Maces & Flails
  6008 | Sewer    | Identified the +6 battleaxe of Ash {vorpal, Fragile rC+
                  | rCorr Dex+6}
  6310 | D:5      | Reached skill level 13 in Maces & Flails
  6316 | D:5      | Reached **** piety under Trog
  7815 | D:6      | Noticed Sigmund
  7827 | D:6      | Killed Sigmund
  7828 | D:6      | Reached skill level 14 in Maces & Flails
  7945 | D:6      | Reached XP level 9. HP: 70/70 MP: 8/8
  8402 | D:6      | Reached skill level 15 in Maces & Flails
  8976 | D:6      | Reached ***** piety under Trog
  9630 | D:7      | Noticed Menkaure
  9643 | D:7      | Killed Menkaure
  9644 | D:7      | Reached skill level 16 in Maces & Flails
  9966 | D:7      | Found an ancient bone altar of Kikubaaqudgha.
  9966 | D:7      | Noticed Duvessa
  9966 | D:7      | Noticed Dowan
  9974 | D:7      | Killed Duvessa
  9975 | D:7      | Reached skill level 5 in Fighting
  9979 | D:7      | Killed Dowan
 10231 | D:7      | Found a staircase to the Ecumenical Temple.
 10373 | D:7      | You fall into a shaft and drop 3 floors!
 10373 | D:10     | Entered Level 10 of the Dungeon
 10443 | D:10     | Reached XP level 10. HP: 86/86 MP: 9/9
 10533 | D:10     | Noticed a two-headed ogre
 10549 | D:10     | Killed a two-headed ogre
 10845 | D:8      | Identified the +0 helmet "Ihay" {rElec Dex+6}
 11383 | D:7      | Noticed Prince Ribbit
 11393 | D:7      | Killed Prince Ribbit
 11966 | D:8      | Reached skill level 10 in Fighting
 13504 | D:9      | Received a gift from Trog
 13509 | D:9      | Reached skill level 5 in Armour
 13776 | D:9      | Reached XP level 11. HP: 104/104 MP: 10/10
 14251 | D:9      | Noticed a two-headed ogre
 14256 | D:9      | Killed a two-headed ogre
 14263 | D:9      | Paralysed by a hornet for 2 turns
 14688 | D:9      | Noticed a centaur warrior
 14698 | D:9      | Killed a centaur warrior
 14699 | D:9      | Reached skill level 10 in Armour
 14699 | D:9      | Reached skill level 1 in Shields
 14835 | D:9      | Noticed a purple ugly thing
 14904 | D:9      | Killed a purple ugly thing
 15090 | D:9      | Noticed a quicksilver dragon
 15101 | D:9      | Noticed a deep elf pyromancer
 15105 | D:9      | Killed from afar by a quicksilver dragon (shapeshifter)

Illustrated notes

Levels and vault maps discovered:
D:1:      dpeg_arrival_ternary, layout_loops_corners,
          wander_ebering_terrifying_dragon_lair
D:2:      layout_basic, grunt_ministairs_8
D:3:      layout_rooms, serial_shops, nicolae_shop_waterfront,
          grunt_ministairs_2, minivault_25, uniq_crazy_yiuf_cottage
D:4:      layout_loops_corners, grunt_ministairs_3, minmay_circle_x
D:5:      layout_layer_cave, cheibrodos_sewer_entry_sluice, minivault_14,
          serial_bayou_pond_a, guppyfry_early_lair_pool
D:6:      layout_loops_corners, serial_rivers, chequers_serial_rivers_micro_e,
          chequers_serial_rivers_small_a, chequers_serial_rivers_micro_e,
          chequers_serial_rivers_large_b, chequers_serial_rivers_room_a,
          minmay_increasing_density, uniq_sigmund
D:7:      minmay_evil_eye, layout_loops_ring, tgw_kikubaaqudgha,
          temple_doors_ab, chequers_arboretum,
          hangedman_abyss_or_decor_lesser_grid, minmay_misc_feat_encased,
          uniq_menkaure, uniq_duvessa, uniq_prince_ribbit1
D:8:      layout_layer_cave, minmay_puff
D:9:      minmay_the_grid_3x2 [minmay_the_grid_broken_lines,
          minmay_the_grid_zigzag_pyramid, minmay_the_grid_minigrid_large,
          minmay_the_grid_gridbox, minmay_the_grid_small_cups,
          minmay_the_grid_prize_big_room], layout_long_grid
D:10:     layout_roguey, nicolae_shop_firing_range

Skill      XL: |  1  2  3  4  5  6  7  8  9 10 11 |
---------------+----------------------------------+-----
Maces & Flails | 4 5 6 7 8 9 11 14 16 | 16.0
Fighting       | 7 12 | 12.0
Armour         | 6 10 | 10.0
Shields        | 4 |  4.7
Dodging        | |  2.1

Action                   |  1- 3 |  4- 6 |  7- 9 | 10-12 || total
-------------------------+-------+-------+-------+-------++-------
Melee: Mace              |    90 |    72 |       |       ||   162
       Headbutt          |     8 |    12 |    39 |    56 ||   115
       Flail             |       |     4 |   190 |   121 ||   315
       Punch             |       |       |     8 |       ||     8
       Morningstar       |       |       |   122 |   171 ||   293
Throw: Dart              |     2 |     7 |    41 |     6 ||    56
       Boomerang         |     2 |       |       |       ||     2
Invok: Berserk           |     2 |     6 |    12 |    11 ||    31
       Trog's Hand       |       |       |     1 |     1 ||     2
  Use: Scroll            |       |    13 |     6 |     2 ||    21
       Potion            |       |     1 |     1 |     2 ||     4
Armor: Leather armour    |     3 |       |       |       ||     3
       Ring mail         |    30 |     7 |       |       ||    37
       Scale mail        |       |    29 |   116 |    22 ||   167
       Plate armour      |       |       |       |   109 ||   109
Dodge: Dodged            |    51 |    43 |   133 |    75 ||   302
Block: Kite shield       |       |       |       |    70 ||    70

Table legend: (Time is in decaauts)
 A = Elapsed time spent in this place.
 B = Non-inter-level travel time spent in this place.
 C = Inter-level travel time spent in this place.
 D = Time resting spent in this place.
 E = Time spent auto-exploring this place.
 F = Levels seen in this place.
 G = Mean time per level.
                   A        B        C        D        E       F      G
               +--------+--------+--------+--------+--------+-----+--------+
         Total |  15332 |  15090 |    242 |   4779 |   3974 |  11 | 1393.8 |
       Dungeon |  15070 |  14828 |    242 |   4662 |   3974 |  10 | 1507.0 |
         Sewer |    261 |    261 |      0 |    117 |      0 |   1 |  261.0 |
               +--------+--------+--------+--------+--------+-----+--------+

Top non-repeatable levels by time:
     D:9: 2560 daAuts
     D:4: 2113 daAuts
     D:5: 2031 daAuts
     D:6: 1785 daAuts
     D:8: 1663 daAuts
     D:1: 1422 daAuts
     D:7: 1185 daAuts
     D:2: 1114 daAuts
     D:3: 914 daAuts
    D:10: 281 daAuts
   Sewer: 261 daAuts
